 Dungeon Crawl Stone Soup version 0.28.0-53-g5a82cb258f (webtiles) character file.

Game seed: 17871290358729061390

95 LynnLen the Sneak (level 4, 0/30 HPs)
             Began as a Vampire Enchanter on Aug 5, 2022.
             Slain by an ice beast (12 damage)
             ... on level 4 of the Dungeon.
             The game lasted 00:05:59 (1845 turns).

LynnLen the Sneak (Vampire Enchanter)               Turns: 1845, Time: 00:06:00

Health: 0/30       AC:  3    Str:  7    XL:     4   Next: 39%
Magic:  5/7        EV: 11    Int: 17    God:
Gold:   111        SH:  0    Dex: 16    Spells: 4/7 levels left

rFire   . . .      SeeInvis +   a - +1 dagger
rCold   . . .      Faith    .   (no shield)
rNeg    . . .      Spirit   .   i - +0 leather armour
rPois   .          Reflect  .   (no helmet)
rElec   .          Harm     .   (no cloak)
rCorr   .          Rampage  .   (no gloves)
Will    .....                   (no boots)
Stlth   +++.......              (no amulet)
HPRegen 0.30/turn               (no ring)
MPRegen 0.10/turn               (no ring)

@: healing quickly
A: alive, fangs 3, see invisible, vampiric 2
a: Exsanguinate


You were on level 4 of the Dungeon.
You visited 1 branch of the dungeon, and saw 3 of its levels.

You collected 111 gold pieces.

Inventory:

Hand Weapons
 a - a +1 dagger (weapon)
Missiles
 b - 5 poisoned darts (quivered)
Armour
 i - a +0 leather armour (worn)
Scrolls
 j - a scroll of teleportation {unknown}
Potions
 c - a potion of invisibility
 d - a potion of flight {unknown}
 e - a potion of ambrosia {unknown}
 f - 2 potions of curing {unknown}
 g - a potion of attraction {unknown}
 h - a potion of berserk rage {unknown}


   Skills:
 * Level 3.9 Short Blades
 - Level 2.1 Dodging
 + Level 5.9 Stealth
 - Level 2.0 Spellcasting
 - Level 4.4 Hexes


You had 4 spell levels left.
You knew the following spells:

 Your Spells              Type           Power      Damage    Failure   Level
a - Confusing Touch       Hex            16%        N/A       14%         3

Your spell library contained the following spells:

 Spells                   Type           Power      Damage    Failure   Level
 Tukima's Dance           Hex            16%        N/A       14%         3
 Ensorcelled Hibernation  Hex/Ice        18%        N/A       19%         2
 Animate Skeleton         Necr           2%         N/A       28%         1
 Pain                     Necr           4%         1d4       28%         1
 Dazzling Flash           Conj/Hex       18%        N/A       34%         3
 Vampiric Draining        Necr           1%         2d6       65%         3


Dungeon Overview and Level Annotations

Branches:
Dungeon (2/15)

Altars:
Hepliaklqana


Innate Abilities, Weirdness & Mutations

Your natural rate of healing is accelerated.
You have razor-sharp teeth.
You have supernaturally acute eyesight. (SInv)
You are afflicted with vampirism and can become a bat while bloodless.


Message History

The worm is heavily wounded.
You hit the worm. You bite the worm.
The worm is severely wounded.
You hit the worm.
The worm is almost dead.
The worm bites you!
You catch the helpless worm completely off-guard!
You impale the worm!!
You kill the worm!
Your magical contamination has completely faded away.
You see here a worm corpse.
You start resting.
HP restored.
You start resting.
Magic restored.
You start waiting.
Done waiting.
An adder skeleton comes into view.
Found a grey potion.
Casting: Confusing Touch (quite dangerous; 14% risk of failure)
Confirm with . or Enter, or press ? or * to list all spells.
Your hands begin to glow red.
The ice beast hits you but does no damage.
You hit the ice beast but do no damage.
The ice beast appears confused.
The ice beast hits you. The ice beast freezes you!
You completely miss the ice beast. You hit the ice beast but do no damage.
You bite the ice beast.
The ice beast is lightly wounded.
You hit the orc.
The orc is heavily wounded.
The orc misses you.
You hit the orc.
You kill the orc!
The ice beast hits you but does no damage.
You see here a worm corpse.
You strike the helpless ice beast from behind!
You puncture the ice beast!
The ice beast is severely wounded.
The ice beast hits you. The ice beast freezes you!
You die...

###############.###
#...............#
#.###############
##.## ##...##
############
#.....####...........
#..........##########
#....Y###### #...@##
#.#†### #.#.).#
#.###.# #.# #.#
#.##.<....Z!.
#.##..####### #.##..#
#.##..#


You could see an ice beast (confused).

Vanquished Creatures
  An iguana (D:4)
  An adder (D:2)
  2 worms
  An adder skeleton (D:4)
  2 dart slugs (D:1)
  3 orcs (D:4)
  4 endoplasms (D:1)
  3 giant cockroaches
  4 goblins
  4 hobgoblins
  5 kobolds (D:1)
  A quokka (D:1)
  4 ball pythons
  4 bats
  3 rats (D:1)
42 creatures vanquished.

Notes
Turn   | Place    | Note
-------+----------+-------------------------------------------
     0 | D:1      | LynnLen the Vampire Enchanter began the quest for the Orb.
     0 | D:1      | Reached XP level 1. HP: 13/13 MP: 3/3
   204 | D:1      | Reached XP level 2. HP: 19/19 MP: 5/5
   338 | D:1      | Found a faded altar of an unknown god.
   364 | D:1      | Reached skill level 5 in Stealth
   643 | D:1      | Gained mutation: You are afflicted with vampirism and can
                  | become a bat while bloodless. [Vampire growth]
   643 | D:1      | Reached XP level 3. HP: 24/24 MP: 6/6
   685 | D:1      | Learned a level 3 spell: Confusing Touch
   967 | D:2      | Found a hazy altar of Hepliaklqana.
  1116 | D:2      | You fall into a shaft and drop 2 floors!
  1206 | D:4      | Reached XP level 4. HP: 10/30 MP: 4/7
  1664 | D:4      | Noticed an ice beast
  1845 | D:4      | Slain by an ice beast

Illustrated notes

Levels and vault maps discovered:
D:1:      dpeg_arrival_refuge, layout_basic, basic_ecumenical_altar,
          minmay_heptomino_o4
D:2:      minmay_thinvault, layout_basic, basic_altar, minmay_misc_feat_cross,
          minivault_19
D:4:      layout_loops_ring

Skill      XL: |  1  2  3 |
---------------+----------+-----
Short Blades   | 2 3 |  3.9
Stealth        | 5 |  5.9
Dodging        | |  2.1
Spellcasting   | |  2.0
Hexes          | |  4.4

Action                   |  1- 3 |  4- 6 || total
-------------------------+-------+-------++-------
Melee: Dagger            |   135 |    40 ||   175
       Bite              |    14 |     9 ||    23
       Punch             |     2 |     1 ||     3
 Cast: Confusing Touch   |     3 |     4 ||     7
  Use: Scroll            |     3 |       ||     3
 Stab: Sleeping          |    12 |       ||    12
       Confused          |     2 |     3 ||     5
Armor: Robe              |    20 |       ||    20
       Leather armour    |     3 |     4 ||     7
Dodge: Dodged            |    96 |    11 ||   107
